 Dungeon Crawl Stone Soup version 0.30-a0-830-gfe289a77b0 (webtiles) character file.

Game seed: 1248231272398787194

380 Nacht the Digger (level 6, -8/41 HPs)
             Began as a Demonspawn Earth Elementalist on Mar 1, 2023.
             Mangled by an orc warrior
             ... wielding a +0 scimitar
              (12 damage)
             ... on level 4 of the Dungeon.
             The game lasted 00:03:33 (4019 turns).

Nacht the Digger (Demonspawn Earth Elementalist)    Turns: 4019, Time: 00:03:34

Health: -8/41      AC:  3    Str:  8    XL:     6   Next: 46%
Magic:  3/10       EV: 12    Int: 18    God:
Gold:   210        SH:  4    Dex: 14    Spells: 5/11 levels left

rFire   . . .      SeeInvis .    j - +2 dagger (freeze)
rCold   . . .      Faith    .    (no shield)
rNeg    . . .      Spirit   .    a - +0 robe
rPois   +          Reflect  .    m - +0 helmet
rElec   .          Harm     .    (no cloak)
rCorr   .          Rampage  .    (gloves unavailable)
Will    .....                    (no boots)
Stlth   ++                       (no amulet)
HPRegen 0.26/turn                o - ring of poison resistance
MPRegen 0.12/turn                g - ring of wizardry

@: mighty
A: condensation shield, demonic touch 3
a: no special abilities


You were on level 4 of the Dungeon.
You visited 1 branch of the dungeon, and saw 5 of its levels.

You collected 210 gold pieces.

Inventory:

Hand Weapons
 j - a +2 dagger of freezing (weapon)
Missiles
 k - 5 poisoned darts
Armour
 a - a +0 robe (worn)
 i - a +0 pair of gloves
 m - a +0 helmet (worn)
Jewellery
 e - a +6 ring of dexterity
 g - a ring of wizardry (right hand)
 o - a ring of poison resistance (left hand)
 y - a ring of wizardry
Wands
 p - a wand of quicksilver (4)
 x - a wand of flame (6)
Scrolls
 b - a scroll of silence {unknown}
 c - 6 scrolls of identify {unknown}
 l - 4 scrolls of immolation {unknown}
 q - 2 scrolls of torment {unknown}
 s - a scroll of acquirement {unknown}
 t - a scroll of fog {unknown}
 u - a scroll of blinking {unknown}
 v - a scroll of enchant weapon {unknown}
 w - a scroll of poison {unknown}
 z - 2 scrolls of vulnerability {unknown}
 A - a scroll of magic mapping {unknown}
 B - 2 scrolls of fear {unknown}
Potions
 d - a potion of might
 f - a potion of heal wounds {unknown}
 h - a potion of attraction {unknown}
 n - a potion of flight {unknown}
 r - a potion of lignification {unknown}
 C - 2 potions of curing {unknown}
 D - a potion of mutation {unknown}
 E - a potion of ambrosia {unknown}


   Skills:
 - Level 1.7 Dodging
 - Level 1.7 Stealth
 + Level 3.1 Spellcasting
 + Level 3.7 Conjurations
 - Level 0.8 Transmutations
 + Level 5.0 Earth Magic


You had 5 spell levels left.
You knew the following spells:

 Your Spells              Type           Power      Damage    Failure   Level
a - Sandblast             Erth           40%        2d10      1%          1
b - Stone Arrow           Conj/Erth      36%        3d9       3%          3
w - Passwall              Tmut/Erth      10%        N/A       3%          2

Your spell library contained the following spells:

 Spells                   Type           Power      Damage    Failure   Level
 Sting                    Tmut/Pois      16%        1d3       6%          1
 Cigotuvi's Dreadful Rot  Necr/Pois/Air  4%         N/A       10%         2
 Poisonous Vapours        Pois/Air       4%         N/A       10%         2
 Mephitic Cloud           Conj/Pois/Air  7%         N/A       12%         3
 Petrify                  Tmut/Erth      13%        N/A       19%         4
 Olgreb's Toxic Radiance  Pois           2%         N/A       52%         4


Dungeon Overview and Level Annotations

Branches:
Dungeon (5/15)
 Temple: D:4-7

Altars:

Shops:
D:3 :   D:4 !

Portals:
Abyss: D:3

Annotations:
D:3 4 transporters, tgirl's ghost, amateur DENe


Innate Abilities, Weirdness & Mutations

A meltable shield of frost defends you. (SH +4)
Your touch may irresistibly damage your foes and sap their willpower.


Message History

There is a stone staircase leading up here.
The orc warrior hits you with a +0 scimitar!
You climb upwards.
There is a stone staircase leading down here.
Casting: Sandblast (safe; 1% risk of failure)
Confirm with . or Enter, or press ? or * to list all spells.
Aiming: Stone Arrow (dangerous; 3% risk of failure)
Press: ? - help, Shift-Dir - straight line, f - orc warrior
Aim: an orc warrior, wielding a +0 scimitar and wearing a +0 plate armour (68% to hit)
The stone arrow hits the orc warrior!
The orc warrior is moderately wounded.
The orc warrior hits you with a +0 scimitar.
Casting: Stone Arrow (dangerous; 3% risk of failure)
Confirm with . or Enter, or press ? or * to list all spells.
Aiming: Stone Arrow (dangerous; 3% risk of failure)
Press: ? - help, Shift-Dir - straight line, f/p - orc warrior
Aim: an orc warrior, wielding a +0 scimitar and wearing a +0 plate armour (moderately wounded, 68% to hit)
The stone arrow misses the orc warrior.
The orc warrior barely misses you.
Casting: Stone Arrow (dangerous; 3% risk of failure)
Confirm with . or Enter, or press ? or * to list all spells.
You don't have enough magic to cast this spell.
The orc warrior hits you with a +0 scimitar!
* * * LOW HITPOINT WARNING * * *
Okay, then.
It was a potion of might.
You feel very mighty all of a sudden. The orc warrior closely misses you.
You hit the orc warrior. You freeze the orc warrior.
The orc warrior is severely wounded.
The orc warrior barely misses you.
You hit the orc warrior. You freeze the orc warrior.
Your touch misses the orc warrior.
The orc warrior is almost dead.
The orc warrior hits you with a +0 scimitar.
* * * LOW HITPOINT WARNING * * *
You barely miss the orc warrior. Your touch misses the orc warrior.
You punch the orc warrior, but do no damage.
The orc warrior is almost dead.
The orc warrior hits you with a +0 scimitar!
You die...

###############.#
#...............#
##.############.# #.# #.# #.#
########.################ #.#
#........#............... #.#
#...........###########.. #.#
#......o.............##.. #.#
#.......@............##.. #.#
#..........#.........##..
#.#####..........#.............
#..............#...............
########.......#.#.............
#.......#.#.............
#.......#.#.............
#.......#.##....##......
####.##...........##......


You could see an orc warrior.

Vanquished Creatures
  A jelly (D:4)
  A hound (D:4)
  Ijyb (D:4)
  Natasha (thrice) (D:3)
  7 adders
  8 gnolls (D:3)
  A river rat (D:4)
  A worm (D:3)
  2 dart slugs
  3 orcs
  6 ball pythons
  3 endoplasms
  2 giant cockroaches
  6 goblins
  4 hobgoblins
  3 kobolds
  6 quokkas
  3 bats
  4 frilled lizards
  4 rats
69 creatures vanquished.

Notes
Turn   | Place    | Note
-------+----------+-------------------------------------------
     0 | D:1      | Nacht the Demonspawn Earth Elementalist began the quest for
                  | the Orb.
     0 | D:1      | Reached XP level 1. HP: 13/13 MP: 3/3
    88 | D:1      | Reached skill level 3 in Earth Magic
   547 | D:1      | Gained mutation: Your touch may inflict minor irresistible
                  | damage on your foes. [demonic ancestry]
   547 | D:1      | Reached XP level 2. HP: 19/19 MP: 3/5
   663 | D:1      | Found a faded altar of an unknown god.
   962 | D:2      | Reached XP level 3. HP: 16/24 MP: 1/6
  1099 | D:2      | Reached skill level 4 in Earth Magic
  1727 | D:2      | Learned a level 2 spell: Passwall
  1731 | D:2      | Learned a level 3 spell: Stone Arrow
  1734 | D:3      | Found Visoegg's Book Shoppe.
  1777 | D:3      | Noticed Natasha
  1784 | D:3      | Killed Natasha
  1785 | D:3      | Reached skill level 1 in Conjurations
  1785 | D:3      | Gained mutation: Your touch may inflict irresistible damage
                  | on your foes. [demonic ancestry]
  1785 | D:3      | Reached XP level 4. HP: 28/30 MP: 2/7
  2090 | D:3      | Found a transporter.
  2132 | D:3      | Gained mutation: A meltable shield of frost defends you.
                  | (SH +4) [demonic ancestry]
  2132 | D:3      | Reached XP level 5. HP: 25/35 MP: 1/8
  2285 | D:3      | Found a transporter.
  2329 | D:3      | Noticed Natasha
  2334 | D:3      | Killed Natasha
  2460 | D:3      | Found a one-way gate to the infinite horrors of the Abyss.
  2460 | D:3      | Noticed tgirl's ghost (amateur DENe)
  2464 | D:3      | Found a transporter.
  2483 | D:3      | Found a transporter.
  2583 | D:3      | Noticed Natasha
  2587 | D:3      | Killed Natasha
  2731 | D:3      | Noticed a small abomination
  3024 | D:4      | Noticed Ijyb
  3033 | D:4      | Killed Ijyb
  3034 | D:4      | Gained mutation: Your touch may irresistibly damage your
                  | foes and sap their willpower. [demonic ancestry]
  3034 | D:4      | Reached XP level 6. HP: 27/41 MP: 3/10
  3234 | D:4      | Identified the +1 ring mail "Avaehofe" {*Corrode Str+2
                  | SInv}
  3282 | D:4      | Found a glowing drain.
  3571 | D:4      | Found Wiyrch Ifoe's Distillery.
  3835 | D:4      | Reached skill level 5 in Earth Magic
  3969 | D:5      | Entered Level 5 of the Dungeon
  3997 | D:5      | Noticed an orc warrior
  4019 | D:4      | Mangled by an orc warrior

Illustrated notes

Levels and vault maps discovered:
D:1:      lemuel_arrival_room, layout_loops_ring, nicolae_ecumenical_lake_church
D:2:      layout_basic
D:3:      gammafunk_wand_slinger, layout_basic, gammafunk_ghost_abyssal_escape,
          serial_aquarium, aquarium_bridge_square [aquarium_subvault_wall,
          aquarium_subvault_bridge, aquarium_subvault_bridge,
          aquarium_subvault_balcony], aquarium_bridge_square
          [aquarium_subvault_wall, aquarium_subvault_window,
          aquarium_subvault_bridge, aquarium_subvault_bridge],
          aquarium_window_1, aquarium_window_double, aquarium_view_2a,
          aquarium_view_2f, serial_shops, shop, uniq_natasha
D:4:      layout_basic, serial_shops, nicolae_lakefront_shop,
          portal_sewer_entry_c, amcnicky_mini_pool_small, uniq_ijyb
D:5:      layout_basic

Skill      XL: |  1  2  3  4  5  6 |
---------------+-------------------+-----
Earth Magic    | 3 4 5 |  5.0
Conjurations   | 1 2 3 |  3.7
Spellcasting   | 3 |  3.1
Dodging        | |  1.7
Stealth        | |  1.7
Transmutations | |  0.8

Action                     |  1- 3 |  4- 6 || total
---------------------------+-------+-------++-------
  Melee: Dagger            |       |     8 ||     8
         Touch             |       |     1 ||     1
         Punch             |       |     1 ||     1
   Cast: Sandblast         |    48 |    68 ||   116
         Stone Arrow       |       |     2 ||     2
    Use: Potion            |     1 |     1 ||     2
 Armour: Robe              |     3 |     9 ||    12
  Dodge: Dodged            |     8 |    43 ||    51
  Block: Other             |       |     1 ||     1

Table legend: (Time is in decaauts)
 A = Elapsed time spent in this place.
 B = Non-inter-level travel time spent in this place.
 C = Inter-level travel time spent in this place.
 D = Time resting spent in this place.
 E = Time spent auto-exploring this place.
 F = Levels seen in this place.
 G = Mean time per level.
                   A        B        C        D        E       F      G
               +--------+--------+--------+--------+--------+-----+--------+
         Total |   4109 |   3960 |    149 |      0 |   3437 |   5 |  821.8 |
       Dungeon |   4109 |   3960 |    149 |      0 |   3437 |   5 |  821.8 |
               +--------+--------+--------+--------+--------+-----+--------+

Top non-repeatable levels by time:
     D:3: 1167 daAuts
     D:2: 1127 daAuts
     D:4: 999 daAuts
     D:1: 770 daAuts
     D:5: 44 daAuts
